AoeStats
← Gustav Gutenhein

Arabia

505451355Analyzed
1v1 RM · 24d ago on Sep 9, 2026· 35m 50s· 2 players
Game mode
Random Map
Map size
Tiny (2 player)
Population
200
Speed
Normal
Resources
Standard
Victory
Conquest
Starting age
Dark Age
Ending age
Imperial Age
RankedLock teamsTeams togetherTeam positionsShared explorationLock speedFull tech treeHidden civsTurbo modeCheats
Victory
Defeat
🇩🇪 Sicilians · Germany
1033
+18
🇨🇳 Goths · China
1079
-18
Gustav Gutenhein
7:48 Loom
10:21 Feudal Age
10:28 Man-at-Arms
13:20 Gold Mining
13:25 Double-Bit Axe
15:44 Fletching
22:15 Gold Mining
24:40 Castle Age
24:42 Scale Barding Armor
24:47 Forging
25:20 Bloodlines
28:51 Chain Barding Armor
31:38 Husbandry
33:29 Iron Casting
35:04 Gold Mining
35:10 Stone Mining
35:35 Bow Saw
ccav
5:10 Loom
10:00 Feudal Age
10:33 Man-at-Arms
13:34 Double-Bit Axe
13:31 Horse Collar
22:00 Castle Age
25:28 Bow Saw
31:24 Stone Mining
32:53 Pikeman
35:24 Forging
Connection lost

Rejoining the realm…

Still unreachable

The connection could not be restored.

Session expired

The server has moved on; the page needs a fresh start.